 Dungeon Crawl Stone Soup version 0.29-a0-369-gd956c00756 (webtiles) character file.

Game seed: 8351461533961058323

100 YayAnonymity the Gusty (level 4, -3/24 HPs)
             Began as a Tengu Air Elementalist on May 2, 2022.
             Was an Initiate of Vehumet.
             Slain by a phantom (6 damage)
             ... on level 2 of the Dungeon.
             The game lasted 00:04:32 (3421 turns).

YayAnonymity the Gusty (Tengu Air Elementalist)     Turns: 3421, Time: 00:04:32

Health: -3/24      AC:  3    Str:  9    XL:     4   Next: 74%
Magic:  3/9        EV: 12    Int: 17    God:    Vehumet [......]
Gold:   167        SH:  0    Dex: 14    Spells: 5/9 levels left

rFire   . . .      SeeInvis .   h - +0 short sword (protect)
rCold   . . .      Faith    .   (no shield)
rNeg    . . .      Spirit   .   a - +0 robe
rPois   .          Reflect  .   (helmet restricted)
rElec   .          Harm     .   (no cloak)
rCorr   .          Rampage  .   l - +0 pair of gloves
Will    .....                   (boots unavailable)
Stlth   ++........              (no amulet)
HPRegen 0.08/turn               f - ring of flight
MPRegen 0.11/turn               (no ring)

@: flying
A: beak, talons 3
a: Renounce Religion


You were on level 2 of the Dungeon.
You worshipped Vehumet.
Vehumet was noncommittal.
You visited 1 branch of the dungeon, and saw 3 of its levels.

You collected 167 gold pieces.

Inventory:

Hand Weapons
 h - a +0 short sword of protection (weapon)
Armour
 a - a +0 robe (worn)
 l - a +0 pair of gloves (worn)
Jewellery
 f - a ring of flight (left hand)
Wands
 m - a wand of charming (10)
Scrolls
 c - a scroll of enchant weapon {unknown}
 d - a scroll of teleportation {unknown}
 g - a scroll of amnesia {unknown}
 i - a scroll of blinking {unknown}
 p - a scroll of holy word {unknown}
 r - a scroll of identify {unknown}
 s - a scroll of noise {unknown}
 u - 2 scrolls of brand weapon {unknown}
Potions
 b - 2 potions of magic
 e - 2 potions of attraction {unknown}
 j - a potion of haste {unknown}
 k - a potion of might {unknown}
 n - a potion of ambrosia {unknown}
 o - 2 potions of curing {unknown}
 q - a potion of berserk rage {unknown}
 t - a potion of flight {unknown}
 v - a potion of lignification {unknown}


   Skills:
 - Level 2.1 Dodging
 - Level 2.0 Stealth
 + Level 3.0 Spellcasting
 + Level 3.4 Conjurations
 + Level 5.2 Air Magic


You had 5 spell levels left.
You knew the following spells:

 Your Spells              Type           Power      Damage    Failure   Level
a - Shock                 Conj/Air       68%        1d7       3%          1
b - Swiftness             Air            20%        N/A       6%          3

Your spell library contained the following spells:

 Spells                   Type           Power      Damage    Failure   Level
 Static Discharge         Conj/Air       17%        N/A       4%          2
 Airstrike                Air            10%        N/A       21%         4


Dungeon Overview and Level Annotations

Branches:
Dungeon (3/15)

Altars:
Cheibriados
Uskayaw
Vehumet


Innate Abilities, Weirdness & Mutations

You have a beak for a mouth.
You have claws for feet.


Message History

The phantom is heavily damaged.
The phantom hits you.
You barely miss the phantom. Your peck misses the phantom.
The phantom is heavily damaged.
The phantom closely misses you.
You closely miss the phantom.
The goblin shouts!
You claw the phantom.
The phantom is heavily damaged.
The phantom hits you!
You completely miss the phantom. Your kick misses the phantom.
You peck the phantom, but do no damage.
The phantom is heavily damaged.
The phantom hits you.
The phantom blinks!
You blink.
A kobold comes into view. It is wielding a +0 rapier.
The phantom hits you.
Casting: Shock (safe; 3% risk of failure)
Confirm with . or Enter, or press ? or * to list all spells.
Aiming: Shock (safe; 3% risk of failure)
Press: ? - help, Shift-Dir - straight line, f/p - phantom
Aim: a phantom (heavily damaged, 60% to hit)
The zap hits the phantom but does no damage.
The phantom is heavily damaged.
The kobold unwields a +0 rapier.
The kobold wields a +0 hunting sling.
The kobold shoots a sling bullet.
The sling bullet closely misses you.
The sling bullet closely misses the goblin.
The phantom hits you!
* * * LOW HITPOINT WARNING * * *
Casting: Shock (safe; 3% risk of failure)
Confirm with . or Enter, or press ? or * to list all spells.
Aiming: Shock (safe; 3% risk of failure)
Press: ? - help, Shift-Dir - straight line, f/p - phantom
Aim: a phantom (heavily damaged, 60% to hit)
The zap hits the phantom.
The phantom is severely damaged.
The goblin barely misses you.
The kobold shoots a sling bullet.
The sling bullet hits you.
* * * LOW HITPOINT WARNING * * *
The phantom hits you.
You die...

.. ≈≈≈≈ ##.#
≈≈. ..... ≈≈ ≈
.....## #K## .#
.......#...#...
...............
...............
......W@.......
......g........
.......#...#...
#....## #.## #
##... ≈≈ ##†##
≈≈. #§.# ≈≈≈
#†.# ≈≈≈≈ #..#


You could see a phantom, a goblin and a kobold.

Vanquished Creatures
  3 adders
  2 worms
  A dart slug (D:1)
  7 endoplasms
  3 giant cockroaches
  3 goblins
  6 hobgoblins
  13 jackals
  2 quokkas
  2 ball pythons
  2 bats
  2 frilled lizards (D:2)
  7 kobolds
  6 rats
59 creatures vanquished.

Vanquished Creatures (others)
  9 plants (D:2)
9 creatures vanquished.

Grand Total: 68 creatures vanquished

Notes
Turn   | Place    | Note
-------+----------+-------------------------------------------
     0 | D:1      | YayAnonymity the Tengu Air Elementalist began the quest for
                  | the Orb.
     0 | D:1      | Reached XP level 1. HP: 10/10 MP: 4/4
   559 | D:1      | Found a faded altar of an unknown god.
   586 | D:1      | Reached XP level 2. HP: 14/15 MP: 0/6
  1075 | D:1      | Reached XP level 3. HP: 17/19 MP: 1/7
  1737 | D:2      | Learned a level 3 spell: Swiftness
  1848 | D:2      | Found a radiant altar of Vehumet.
  1854 | D:2      | Became a worshipper of Vehumet
  2566 | D:3      | Reached skill level 5 in Air Magic
  2566 | D:3      | Reached XP level 4. HP: 24/24 MP: 3/9
  3033 | D:3      | Found a hide-covered altar of Uskayaw.
  3043 | D:3      | Found a snail-covered altar of Cheibriados.
  3410 | D:2      | Noticed a phantom
  3421 | D:2      | Slain by a phantom

Illustrated notes

Levels and vault maps discovered:
D:1:      dpeg_arrival_snail, layout_basic, shapermc_ecumenical_altar_pompeii,
          nrook_campfire
D:2:      wad_lake_hut, layout_rooms, basic_altar, kennysheep_generic_room_14
D:3:      layout_basic, gammafunk_temple_overflow_pools

Skill      XL: |  1  2  3  4 |
---------------+-------------+-----
Conjurations   | 2 3 |  3.4
Air Magic      | 5 |  5.2
Spellcasting   | 3 |  3.0
Dodging        | |  2.1
Stealth        | |  2.0

Action                   |  1- 3 |  4- 6 || total
-------------------------+-------+-------++-------
Melee: Short sword       |    14 |     5 ||    19
       Kick              |     5 |     2 ||     7
       Peck              |     2 |     1 ||     3
 Cast: Shock             |    90 |    37 ||   127
Armor: Robe              |    12 |     2 ||    14
Dodge: Dodged            |    11 |     4 ||    15

Table legend: (Time is in decaauts)
 A = Elapsed time spent in this place.
 B = Non-inter-level travel time spent in this place.
 C = Inter-level travel time spent in this place.
 D = Time resting spent in this place.
 E = Time spent auto-exploring this place.
 F = Levels seen in this place.
 G = Mean time per level.
                   A        B        C        D        E       F      G
               +--------+--------+--------+--------+--------+-----+--------+
         Total |   3421 |   3392 |     29 |    120 |   2941 |   3 | 1140.3 |
       Dungeon |   3421 |   3392 |     29 |    120 |   2941 |   3 | 1140.3 |
               +--------+--------+--------+--------+--------+-----+--------+

Top non-repeatable levels by time:
     D:1: 1732 daAuts
     D:3: 1119 daAuts
     D:2: 569 daAuts
